 Dungeon Crawl Stone Soup version 0.24-a0-630-g0d56a85 (webtiles) character file.

Game seed: 15758728716603179020, levelgen mode: deterministic

523 frankyplaysgames the Covert (level 7, -8/50 HPs)
             Began as an Octopode Assassin on Sept 20, 2019.
             Killed from afar by an orc wizard (13 damage)
             ... with a puff of flame
             ... on level 4 of the Dungeon.
             The game lasted 00:15:00 (4041 turns).

frankyplaysgames the Covert (Octopode Assassin)     Turns: 4041, Time: 00:15:01

Health: -8/50      AC:  1    Str: 16      XL:     7   Next: 22%
Magic:  7/7        EV: 15    Int: 13      God:
Gold:   239        SH:  0    Dex: 14 (15) Spells: 6/6 levels left

rFire    x . .     SeeInvis .   k - +2 dagger (drain)
rCold    + . .     Gourm    .   (no shield)
rNeg     . . .     Faith    .   (helmet restricted)
rPois    .         Spirit   .   (no amulet)
rElec    .         Reflect  .   j - ring of wizardry
rCorr    .         Harm     .   s - ring of ice
MR       .....                  x - +5 ring of strength
Stlth    +++++.....             (no ring)
HPRegen  0.16/turn              (no ring)
MPRegen  0.10/turn              (no ring)
                                (no ring)
                                (no ring)

@: lethally poisoned (-8 -> -10)
A: almost no armour, stealthy swim, amphibious, 8 rings, constrict 8, fangs 1,
camouflage 1, blink, blurry vision 1, robust 1, screaming 1, gelatinous body 1
a: Blink


You were on level 4 of the Dungeon.
You were not hungry.

You visited 1 branch of the dungeon, and saw 4 of its levels.

You collected 239 gold pieces.

Inventory:

Hand Weapons
 a - a +2 dagger
 k - a +2 dagger of draining (weapon)
 o - a +0 short sword of venom
 p - a +0 whip
Missiles
 b - 22 poisoned darts (quivered)
 c - 2 curare-tipped darts
 f - 44 bolts
Jewellery
 j - a ring of wizardry (left tentacle)
 s - a ring of ice (right tentacle)
 x - a +5 ring of strength (on tentacle)
Scrolls
 g - a scroll of enchant weapon {unknown}
 h - 8 scrolls of identify {unknown}
 i - 2 scrolls of immolation {unknown}
 l - 3 scrolls of amnesia {unknown}
 m - 4 scrolls of teleportation {unknown}
 n - a scroll of fog {unknown}
 r - a scroll of random uselessness {unknown}
 w - 3 scrolls of magic mapping {unknown}
 y - a scroll of fear {unknown}
 D - a scroll of remove curse {unknown}
Potions
 e - a potion of degeneration
 q - 3 potions of curing {unknown}
 t - a potion of lignification {unknown}
 u - a potion of haste {unknown}
 v - a potion of flight {unknown}
 z - a potion of heal wounds {unknown}
 A - a potion of brilliance {unknown}
 C - a potion of magic {unknown}
Comestibles
 d - 9 rations


   Skills:
 + Level 3.3 Fighting
 + Level 3.2 Short Blades
 + Level 3.1 Throwing
 * Level 3.8 Dodging
 * Level 8.1 Stealth


You had 6 spell levels left.
You didn't know any spells.
Your spell library was empty.

Dungeon Overview and Level Annotations

Branches:
Dungeon (4/15)
 Temple: D:4-7

Altars:
Okawaru
Trog
Vehumet
The Shining One


Innate Abilities, Weirdness & Mutations

You cannot wear most types of armour.
You are very stealthy in the water. (Stealth+)
You are amphibious.
You can wear up to eight rings at the same time.
You can use your tentacles to constrict eight enemies at once.
Your skin changes colour to match your surroundings (Stealth+).
Your rubbery body absorbs attacks. (AC +1, EV +1)
You have very sharp teeth.
You can translocate small distances at will.
Scrolls take you a little longer to read.
You are robust. (+10% HP)
You occasionally shout uncontrollably at your foes.


Message History

A magic dart appears from out of thin air!
The magic dart hits you.
* * * LOW HITPOINT WARNING * * *
You hit something but do no damage. Your squeeze misses something.
Something hits you.
* * * LOW HITPOINT WARNING * * *
You feel sick. Something hits you.
* * * LOW HITPOINT WARNING * * *
You feel sick.
There is an open door here.
You hit something. You bite something.
You hear some strange, mumbled words.
A puff of flame appears from out of thin air!
The puff of flame misses you.
You barely miss something. You squeeze something.
You feel sick.
You hear some strange, mumbled words.
A puff of flame appears from out of thin air!
The puff of flame hits you! The fire burns you terribly!
You die...

#.........>......................
........#.################...#.#.
#####...#.# #### #...#...
......<.#.# ##..## ### ###.....
.########.# #....##..## #....#.
.# #.....# #..r.'....# #......
.####.##### ##Os##r...# #..###.
.........# +#{###..## #......
†..##.#.## ##@..##'# #...÷..
......#.# ##.....##.. #.....#
...####.###+##.......#... #......
...####.##..##)..8..(# ..##.###..
...##...#....#(.....)# +###.# #..
...##.#.)....##.....## #.# #.)
......#.##..#'##...## #.# ###
#######.#####÷.###†#+ #.# #.. ###
#...÷##†.## #.###.#


You could see an ogre, a quokka and a giant cockroach.

Vanquished Creatures
  2 eyes of draining (D:4)
  A howler monkey (D:4)
  3 iguanas (D:4)
  4 worker ants
  6 adders
  3 worms
  2 dart slugs
  3 leopard geckos
  2 orcs (D:4)
  4 giant cockroaches
  6 goblins
  4 hobgoblins
  6 jackals
  8 kobolds
  2 quokkas (D:4)
  A ball python (D:3)
  8 bats
  11 frilled lizards
  A leopard gecko skeleton (D:4)
  8 rats
  A plant (D:3)
86 creatures vanquished.

Notes
Turn   | Place    | Note
-------+----------+-------------------------------------------
     0 | D:1      | frankyplaysgames the Octopode Assassin began the quest for
                  | the Orb.
     0 | D:1      | Reached XP level 1. HP: 14/14 MP: 1/1
   215 | D:1      | Reached XP level 2. HP: 19/19 MP: 2/2
   374 | D:1      | Reached skill level 6 in Stealth
  1062 | D:2      | Reached XP level 3. HP: 24/24 MP: 3/3
  1303 | D:2      | Found a radiant altar of Vehumet.
  1813 | D:2      | Reached XP level 4. HP: 22/29 MP: 4/4
  2331 | D:3      | Found a glowing golden altar of the Shining One.
  2771 | D:3      | Reached XP level 5. HP: 22/35 MP: 5/5
  2824 | D:3      | Gained mutation: You tend to lose your temper in combat.
                  | [potion of mutation]
  2824 | D:3      | Gained mutation: You are partially covered in iridescent
                  | scales. (AC +2) [potion of mutation]
  2825 | D:3      | Lost mutation: You tend to lose your temper in combat.
                  | [potion of mutation]
  2825 | D:3      | Lost mutation: You are partially covered in iridescent
                  | scales. (AC +2) [potion of mutation]
  2825 | D:3      | Gained mutation: You have very sharp teeth. [potion of
                  | mutation]
  2825 | D:3      | Gained mutation: Your mind is acute. (Int +2) [potion of
                  | mutation]
  2825 | D:3      | Gained mutation: You are partially covered in thin metallic
                  | scales. (AC +2) [potion of mutation]
  3088 | D:3      | Lost mutation: You are partially covered in thin metallic
                  | scales. (AC +2) [potion of mutation]
  3088 | D:3      | Lost mutation: Your mind is acute. (Int +2) [potion of
                  | mutation]
  3088 | D:3      | Gained mutation: You can translocate small distances at
                  | will. [potion of mutation]
  3088 | D:3      | Gained mutation: You occasionally shout uncontrollably at
                  | your foes. [potion of mutation]
  3088 | D:3      | Gained mutation: Scrolls take you a little longer to read.
                  | [potion of mutation]
  3088 | D:3      | Gained mutation: You are robust. (+10% HP) [potion of
                  | mutation]
  3224 | D:4      | Found an iron altar of Okawaru.
  3358 | D:4      | Reached skill level 7 in Stealth
  3575 | D:4      | Noticed an eye of draining
  3576 | D:4      | Found a bloodstained altar of Trog.
  3576 | D:4      | Noticed an eye of draining
  3592 | D:4      | Killed an eye of draining
  3592 | D:4      | Reached XP level 6. HP: 40/45 MP: 0/6
  3598 | D:4      | Killed an eye of draining
  3776 | D:4      | Reached XP level 7. HP: 20/50 MP: 7/7
  3985 | D:4      | Reached skill level 8 in Stealth
  4041 | D:4      | Killed from afar by an orc wizard

Levels and vault maps discovered:
D:1:      wheals_arrival_shading, layout_basic
D:2:      layout_basic, fiery_altar_vehumet, minmay_distorted
D:3:      layout_basic, nicolae_tso_carved_into_rock, first_ration,
          serial_bayou_ford_a, minmay_misc_feat_tower
D:4:      minmay_bubble_buster, layout_basic, kennysheep_little_box,
          trog_eyes_of_draining

Skill      XL: |  1  2  3  4  5  6  7 |
---------------+----------------------+-----
Stealth        | 6 7 8 |  8.1
Dodging        | 2 3 |  3.8
Fighting       | 3 |  3.3
Short Blades   | 3 |  3.2
Throwing       | 3 |  3.1

Action                   |  1- 3 |  4- 6 |  7- 9 || total
-------------------------+-------+-------+-------++-------
Melee: Dagger            |    25 |    73 |    26 ||   124
       Constrict         |    11 |    34 |     5 ||    50
       Tentacles         |     7 |    20 |     8 ||    35
       Short sword       |    27 |    35 |       ||    62
       Bite              |       |     7 |     5 ||    12
 Abil: Blink             |       |     2 |       ||     2
  Use: Potion            |       |     4 |       ||     4
 Stab: Sleeping          |    14 |     6 |       ||    20
  Eat: Chunk             |     2 |     3 |     1 ||     6
       Ration            |       |     1 |       ||     1
Armor: Skin              |     7 |     5 |     1 ||    13
Dodge: Dodged            |    28 |    51 |    19 ||    98

Table legend:
 A = Non-vault XP
 B = Vault XP
 C = Vault XP percentage of total XP
 D = Non-vault monster count
 E = Vault monster count
 F = Vault count percentage of total count
                 A         B        C        D         E       F
            +---------+---------+-------+---------+---------+-------
      Total |     269 |     479 |  64.0 |      68 |      17 |  20.0
            +---------+---------+-------+---------+---------+-------
        D:1 |      27 |       0 |   0.0 |      16 |       0 |   0.0
        D:2 |      51 |       6 |  10.5 |      17 |       3 |  15.0
        D:3 |     105 |       0 |   0.0 |      28 |       0 |   0.0
        D:4 |      86 |     473 |  84.6 |       7 |      14 |  66.7
            +---------+---------+-------+---------+---------+-------
